AoeStats
← King Nikovsk II

MegaRandom

509753011Analyzed
2v2 RM · 5d ago on Sep 27, 2026· 29m 30s· 4 players
Game mode
Random Map
Map size
Medium (4 player)
Population
200
Speed
Normal
Resources
Standard
Victory
Conquest
Starting age
Dark Age
Ending age
Imperial Age
RankedLock teamsTeams togetherTeam positionsShared explorationLock speedFull tech treeHidden civsTurbo modeCheats
Victory
Defeat
🇧🇷 Berbers · Brazil
1050
+15
🇧🇷 Huns · Brazil
1031
+16
🇨🇴 Britons · Colombia
1096
-19
🇨🇴 Georgians · Colombia
954
-12
Pardito1016
10:56 Loom
13:22 Feudal Age
17:57 Castle Age
15:51 Double-Bit Axe
16:58 Forging
16:53 Scale Barding Armor
16:47 Horse Collar
17:41 Scale Barding Armor
20:13 Bloodlines
26:02 Chain Barding Armor
25:37 Pikeman
26:17 Squires
26:46 Scale Mail Armor
Neor2526
8:29 Loom
11:26 Feudal Age
17:22 Castle Age
15:38 Horse Collar
16:16 Double-Bit Axe
16:52 Fletching
17:26 Gold Mining
17:55 Crossbowman
22:51 Wheelbarrow
24:27 Bodkin Arrow
26:36 Padded Archer Armor
Winter Dragon
9:41 Loom
11:28 Feudal Age
13:50 Double-Bit Axe
13:47 Horse Collar
14:47 Town Watch
18:32 Castle Age
16:55 Fletching
22:00 Padded Archer Armor
King Nikovsk II
5:09 Loom
13:00 Feudal Age
15:31 Fishing Lines
18:29 Castle Age
17:02 Scale Barding Armor
17:09 Forging
17:23 Bloodlines
17:34 Forging
19:30 Husbandry
19:38 Double-Bit Axe
22:04 Wheelbarrow
22:54 Chain Barding Armor
24:15 Gold Mining
24:54 Horse Collar
27:03 Heavy Plow
Connection lost

Rejoining the realm…

Still unreachable

The connection could not be restored.

Session expired

The server has moved on; the page needs a fresh start.